 Dungeon Crawl Stone Soup version 0.21-a0-193-g085b6a0 (webtiles) character file.

23 4thArraOfDagon the Chopper (level 3, -2/30 HPs)
             Began as a Hill Orc Warper on Aug 14, 2017.
             Slain by a hobgoblin (4 damage)
             ... led by Robin
             ... on level 3 of the Dungeon.
             The game lasted 00:02:09 (504 turns).

4thArraOfDagon the Chopper (Hill Orc Warper)         Turns: 504, Time: 00:02:10

Health: -2/30      AC:  4    Str: 13    XL:     3   Next: 0%
Magic:  5/5        EV: 11    Int: 17    God:
Gold:   87         SH:  0    Dex: 10    Spells: 5/5 levels left

rFire    . . .     SeeInvis .   a - +0 hand axe
rCold    . . .     Gourm    .   (no shield)
rNeg     . . .     Faith    .   b - +0 leather armour
rPois    .         Spirit   .   (no helmet)
rElec    .         Reflect  .   (no cloak)
rCorr    .         Harm     +   (no gloves)
MR       .....                  g - +0 pair of boots {Fly}
Stlth    +.........             h - amulet of harm
HPRegen  0.10/turn              j - +3 ring of intelligence
MPRegen  0.09/turn              k - ring of flight

@: flying
A: no striking features
a: Stop Flying


You were on level 3 of the Dungeon.
You were not hungry.

You visited 1 branch of the dungeon, and saw 4 of its levels.

You collected 87 gold pieces.

Inventory:

Hand Weapons
 a - a +0 hand axe (weapon)
Missiles
 e - 5 tomahawks of dispersal (quivered)
Armour
 b - a +0 leather armour (worn)
 g - a +0 pair of boots of flying (worn)
Jewellery
 h - an amulet of harm (around neck)
 j - a +3 ring of intelligence (left hand)
 k - a ring of flight (right hand)
Scrolls
 d - a scroll of blinking
 i - a scroll of remove curse {unknown}
 m - a scroll of teleportation {unknown}
 n - 2 scrolls of identify {unknown}
 o - a scroll of magic mapping {unknown}
Books
 c - a book of Spatial Translocations

   Spells                             Type                      Level
   a - Blink                          Translocation                2
   b - Shroud of Golubria             Charms/Translocation         2
   c - Lesser Beckoning               Translocation                3
   d - Gell's Gravitas                Translocation                3
   e - Teleport Other                 Translocation                3
   f - Passage of Golubria            Translocation                4
Comestibles
 f - a bread ration
 l - a meat ration


   Skills:
 + Level 2.8 Fighting
 * Level 3.3 Axes
 - Level 0.8 Throwing
 + Level 1.7 Armour
 + Level 1.9 Dodging
 - Level 1.5 Spellcasting
   Level 2.4 Translocations


You had 5 spell levels left.
You didn't know any spells.

Dungeon Overview and Level Annotations

Branches:
Dungeon (4/15)
 Temple: D:4-7

Altars:

Annotations:
D:3 Jessica, Robin


Message History

Your +0 leather armour unmelds from your body.
Your +3 ring of intelligence unmelds from your body.
Your ring of flight unmelds from your body.
You fly up into the air.
You feel clever.
There is a stone staircase leading down here.
You start resting.
A worm comes into view.
You fly downwards.
Level annotation: Jessica A leopard gecko, an adder, a rat, 11 goblins, a kobold and Robin come into view.
Robin shouts!
The hobgoblin shouts!
The goblin shouts!
The hobgoblin shouts! x2
The goblin shouts! x3; The hobgoblin shouts!
The kobold shouts!
Robin closely misses you. The goblin hits you.
* * * LOW HITPOINT WARNING * * *
The goblin hits you with a club.
* * * LOW HITPOINT WARNING * * *
The hobgoblin hits you but does no damage.
The hobgoblin hits you.
You die...

### ##.##
##.l.##
##g....##
#.rKgg⌠.#
#.gggg..###
#ggg@.....#
#..gg.....#
#.⌠S..⌠...#
##..........
#..⌠.......
#..........
#...######.
....+


You could see Robin, an adder, a leopard gecko (wandering), 6 hobgoblins, 5
goblins, a kobold and a rat.

Vanquished Creatures
  An adder (D:2)
  A dart slug (D:1)
  2 bats
  2 giant cockroaches
  A kobold (D:2)
  2 frilled lizards (D:2)
  3 goblins
  2 rats
14 creatures vanquished.

Notes
Turn   | Place    | Note
-------+----------+-------------------------------------------
     0 | D:1      | 4thArraOfDagon the Hill Orc Warper began the quest for the Orb.
     0 | D:1      | Reached XP level 1. HP: 18/18 MP: 3/3
   258 | D:1      | Reached skill level 3 in Axes
   258 | D:1      | Reached XP level 2. HP: 16/25 MP: 4/4
   353 | D:2      | Reached XP level 3. HP: 9/30 MP: 5/5
   421 | D:3      | Noticed Jessica
   423 | D:3      | HP: 1/30 [Jessica/nerve-wracking pain (15)]
   504 | D:3      | Noticed Robin
   504 | D:3      | Slain by a hobgoblin

Vault maps used:
D:1:      dpeg_arrival_castle
D:2:      first_bread, st_stairs_10
D:3:      grunt_ministairs_2, uniq_robin, uniq_jessica

Skill      XL: |  1 |
---------------+----+-----
Axes           | 3 |  3.3
Fighting       | |  2.8
Throwing       | |  0.8
Armour         | |  1.7
Dodging        | |  1.9
Spellcasting   | |  1.5
Translocations | |  2.4

Action                   || total
-------------------------++-------
Melee: Hand axe          ||    36
Armor: Leather armour    ||    16
Dodge: Dodged            ||    20
